 Dungeon Crawl Stone Soup version 0.31-a0-435-g2c6fae2916 (webtiles) character file.

Game seed: 11383804401183985092

15384 CraigForest the Brawler (level 12, -10/156 HPs)
             Began as a Troll Fighter on Aug 1, 2023.
             Was a Priest of Ru.
             Mangled by a skeletal warrior
             ... wielding a +0 battleaxe
              (32 damage)
             ... on level 11 of the Dungeon.
             The game lasted 00:39:32 (8494 turns).

CraigForest the Brawler (Troll Fighter)             Turns: 8494, Time: 00:39:33

Health: -10/156    AC:  6    Str: 31    XL:     12   Next: 0%
Magic:  14/14      EV:  9    Int:  4    God:    Ru [***...]
Gold:   490        SH: 11    Dex:  9    Spells: 11/11 levels left

rFire   . .          .
                       - Unarmed
rCold   . . .        b - +1 kite shield
rNeg    . . .        A - +0 troll leather armour
rPois   .            (helmet restricted)
rElec   .            (no cloak)
rCorr   .            (gloves unavailable)
SInv    .            (boots unavailable)
Will    .....        (no amulet) Stlth
                     (no ring)
HPRegen 2.06/turn    (no ring)
MPRegen 0.14/turn

%: no passive effects
@: berserking (expiring), very quick
A: large, unfitting armour, claws 3, regeneration 1, shaggy fur 1, tough skin 1,
no stealth, inability to use devices
a: Renounce Religion, Draw Out Power


You were on level 11 of the Dungeon.
You worshipped Ru.
Ru was most pleased with you.
You visited 2 branches of the dungeon, and saw 12 of its levels.

You collected 542 gold pieces.
You spent 52 gold pieces at shops.

Inventory:

Hand Weapons
 v - a +2 whip of flaming
Missiles
 z - 7 poisoned darts
 C - 7 large rocks
 E - 6 boomerangs
Armour
 a - a +0 robe
 b - a +1 kite shield (worn)
 n - a +0 pair of boots
 A - a +0 troll leather armour (worn)
Jewellery
 c - a ring of see invisible
Wands
 k - a wand of iceblast (2)
 r - a wand of flame (39)
 y - a wand of polymorph (8)
Scrolls
 e - 3 scrolls of enchant weapon
 f - 3 scrolls of revelation
 m - a scroll of fog {unknown}
 p - 2 scrolls of immolation {unknown}
 q - a scroll of blinking {unknown}
 s - 3 scrolls of teleportation
 t - a scroll of noise {unknown}
 u - a scroll of poison {unknown}
 w - a scroll of enchant armour
 F - a scroll of vulnerability {unknown}
Potions
 d - a potion of resistance
 g - 6 potions of curing
 i - 2 potions of lignification
 j - a potion of brilliance {unknown}
 l - 2 potions of berserk rage
 o - 2 potions of enlightenment
 x - 2 potions of invisibility
 B - a potion of cancellation {unknown}
 D - a potion of attraction {unknown}
Miscellaneous
 h - a box of beasts


   Skills:
 - Level 2.4 Fighting
 - Level 4.0 Armour
 + Level 3.4 Dodging
 + Level 9.1 Shields
 + Level 15.2 Unarmed Combat
 - Level 5.0 Invocations


You had 11 spell levels left.
You didn't know any spells.
Your spell library contained the following spells:

 Spells                   Type           Power      Damage    Failure   Level
 Shock                    Conj/Air       0%         1d3       71%         1
 Cigotuvi's Dreadful Rot  Necr/Pois/Air  0%         N/A       83%         2
 Ignite Poison            Fire/Tmut/Pois 0%         N/A       97%         3
 Swiftness                Air            0%         N/A       97%         3
 Airstrike                Air            0%         2d(0-16)  100%        4
 Alistair's Intoxication  Tmut/Pois      0%         N/A       100%        5
 Borgnjor's Vile Clutch   Necr/Erth      0%         N/A       100%        5
 Freezing Cloud           Conj/Ice/Air   0%         6-21      100%        5
 Eringya's Noxious Bog    Tmut/Pois      0%         4d6       100%        6


Dungeon Overview and Level Annotations

Branches:
Dungeon (11/15)            Temple (1/1) D:5            Lair (0/5) D:10
    Orc: D:9-12

Altars:
Ashenzari
Cheibriados
Dithmenos
Elyvilon
Fedhas
Gozag
Hepliaklqana
Kikubaaqudgha
Makhleb
Nemelex Xobeh
Okawaru
Qazlal
Ru
Sif Muna
Trog
Uskayaw
Vehumet
Wu Jian
Xom
Yredelemnul
Zin
The Shining One

Shops:
D:1 *   D:9 (


Innate Abilities, Weirdness & Mutations

You are too large for most types of armour.
You have claws for hands.
Your natural rate of healing is unusually fast.
You are covered in fur. (AC +1)
You have tough skin. (AC +1)
You cannot be stealthy.
You cannot study or use magical devices.


Message History

You are too injured to fight recklessly!
You are too injured to fight recklessly!
You are too injured to fight recklessly!
You are too injured to fight recklessly!
You claw the skeletal warrior!
The skeletal warrior is lightly damaged.
You mangle the skeletal warrior!!
The skeletal warrior is heavily damaged.
The skeletal warrior hits you with a +0 dire flail!
You scratch the skeletal warrior.
The skeletal warrior is heavily damaged.
The skeletal warrior hits you with a +0 dire flail!
* * * LOW HITPOINT WARNING * * *
You scratch the skeletal warrior.
The skeletal warrior is severely damaged.
The skeletal warrior hits you with a +0 dire flail!
* * * LOW HITPOINT WARNING * * *
Unknown command.
A red film seems to cover your vision as you go berserk!
You feel yourself moving faster!
You feel mighty!
The skeletal warrior hits you with a +0 dire flail!
* * * LOW HITPOINT WARNING * * *
Unknown command.
You claw the skeletal warrior!
The skeletal warrior is severely damaged.
You claw the skeletal warrior!
The skeletal warrior is almost destroyed.
You block the skeletal warrior's attack.
You mangle the skeletal warrior!!
You destroy the skeletal warrior!
You have reached level 12!
You feel stronger.
You feel a strong urge to attack something.
You block the skeletal warrior's attack.
You claw the skeletal warrior!
The skeletal warrior is heavily damaged.
You claw the skeletal warrior!
The skeletal warrior is severely damaged.
The skeletal warrior hits you with a +0 battleaxe!!
You die...

###########
#zz@......#
#.#######.# ...
...# #.# #.#.
##.###.###.#
...#.##..........#
..#
#.#.....#.#####
#.. #.##...##.# #.
#.........#
#####.##### ..


You could see 2 skeletal warriors.

Vanquished Creatures
  An ogre mage (D:10)
  A centaur warrior (D:10)
  3 two-headed ogres
  3 death yaks (D:10)
  A skeletal warrior (D:11)
  Pikel (D:4)
  A cyclops (D:10)
  A kobold demonologist (D:10)
  A tengu conjurer (D:10)
  A troll (D:8)
  A hornet (D:9)
  Grinder (D:3)
  22 yaks
  3 wyverns
  A wraith (D:10)
  Edmund (D:5)
  3 vampire mosquitoes (D:10)
  An acid dragon (D:10)
  2 water moccasins
  A sky beast (D:6)
  3 black bears
  A hornet zombie (D:7)
  An ice beast (D:6)
  4 orc warriors
  An ogre (D:5)
  4 centaurs
  2 phantoms
  A lemure (D:4)
  A kobold brigand (D:6)
  A gnoll sergeant (D:9)
  2 necrophages (D:7)
  4 scorpions
  3 bullfrogs
  A wyvern zombie (D:7)
  11 wights
  10 killer bees
  2 howler monkeys
  A bullfrog zombie (D:7)
  A human zombie (D:7)
  A jelly (D:8)
  2 orc priests
  A gnoll bouda (D:7)
  3 hounds (D:5)
  Ijyb (D:5)
  A hell rat (D:10)
  12 orc wizards
  A sleepcap (D:5)
  2 iguanas (D:6)
  2 killer bee zombies (D:7)
  2 mummies (D:7)
  9 gnolls
  16 adders
  A white imp (D:6)
  An ufetubus (D:7)
  3 worms
  3 dart slugs
  33 orcs
  12 ball pythons
  7 endoplasms
  5 giant cockroaches
  8 goblins
  5 hobgoblins
  8 quokkas
  6 bats
  5 frilled lizards
  9 kobolds
  3 rats
266 creatures vanquished.

Notes
Turn   | Place    | Note
-------+----------+-------------------------------------------
     0 | D:1      | CraigForest the Troll Fighter began the quest for the Orb.
     0 | D:1      | Reached XP level 1. HP: 22/22 MP: 0/0
   381 | D:1      | Reached XP level 2. HP: 27/29 MP: 1/1
   600 | D:1      | Found Vasiril's General Store.
   759 | D:2      | Reached XP level 3. HP: 36/36 MP: 2/2
   851 | D:2      | Reached skill level 3 in Unarmed Combat
   985 | D:2      | Reached XP level 4. HP: 44/44 MP: 3/3
  1496 | D:1      | Bought 2 scrolls of identify for 52 gold pieces
  1625 | D:3      | Found a faded altar of an unknown god.
  1632 | D:3      | Found a hide-covered altar of Uskayaw.
  1721 | D:3      | Noticed Grinder
  1731 | D:3      | Killed Grinder
  1732 | D:3      | Reached skill level 5 in Unarmed Combat
  1732 | D:3      | Reached XP level 5. HP: 47/50 MP: 4/4
  1732 | D:3      | Reached XP level 6. HP: 56/59 MP: 5/5
  1847 | D:3      | Found a faded altar of an unknown god.
  2537 | D:4      | You fall into a shaft and drop 2 floors!
  2555 | D:6      | Noticed an orc warrior
  2562 | D:6      | Reached skill level 6 in Unarmed Combat
  2569 | D:6      | Killed an orc warrior
  2570 | D:6      | Reached XP level 7. HP: 29/66 MP: 6/6
  2741 | D:6      | Reached skill level 5 in Shields
  2741 | D:6      | Reached skill level 7 in Unarmed Combat
  2762 | D:6      | HP: 1/66 [iguana (11)]
  2835 | D:5      | Entered Level 5 of the Dungeon
  2853 | D:5      | Noticed Edmund
  2862 | D:5      | Killed Edmund
  2863 | D:5      | Reached skill level 8 in Unarmed Combat
  2867 | D:5      | Reached XP level 8. HP: 59/74 MP: 7/7
  3164 | D:5      | Found a snail-covered altar of Cheibriados.
  3214 | D:5      | Found a staircase to the Ecumenical Temple.
  3215 | D:5      | Noticed Ijyb
  3223 | D:5      | Killed Ijyb
  3224 | D:5      | Reached skill level 9 in Unarmed Combat
  3228 | Temple   | Entered the Ecumenical Temple
  3258 | Temple   | Became a worshipper of Ru the Awakened
  4082 | D:4      | Found an ornate altar of the Wu Jian Council.
  4133 | D:4      | Reached skill level 1 in Invocations
  4548 | D:4      | Noticed Pikel
  4565 | D:4      | HP: 3/74 [Pikel/puff of flame (7)]
  4580 | D:4      | Killed Pikel
  4581 | D:4      | Reached skill level 10 in Unarmed Combat
  4581 | D:4      | Reached XP level 9. HP: 21/80 MP: 7/9
  4812 | D:6      | Found a shimmering altar of Xom.
  4818 | D:6      | Gained mutation: You cannot be stealthy. [Ru sacrifice]
  4995 | D:6      | Found a hazy altar of Hepliaklqana.
  4996 | D:6      | Found a shadowy altar of Dithmenos.
  5263 | D:7      | Found a glowing golden altar of the Shining One.
  5264 | D:7      | Found a white marble altar of Elyvilon.
  5266 | D:7      | Found a glowing silver altar of Zin.
  5502 | D:7      | Reached skill level 11 in Unarmed Combat
  5582 | D:7      | Found an ancient bone altar of Kikubaaqudgha.
  5945 | D:8      | Reached XP level 10. HP: 70/88 MP: 11/11
  6112 | D:8      | Reached skill level 12 in Unarmed Combat
  6433 | D:9      | Found Ifauz's Firing Range.
  6574 | D:9      | Gained mutation: You cannot study or use magical devices.
                  | [Ru sacrifice]
  6574 | D:9      | Reached * piety under Ru
  6574 | D:9      | Reached ** piety under Ru
  6574 | D:9      | Reached *** piety under Ru
  6812 | D:9      | Noticed a two-headed ogre
  6820 | D:9      | HP: 4/87 [two-headed ogre/+0 giant club (19)]
  6824 | D:9      | Killed a two-headed ogre
  6825 | D:9      | Reached skill level 1 in Armour
  6871 | D:9      | Reached skill level 5 in Invocations
  7209 | D:10     | Entered Level 10 of the Dungeon
  7307 | D:10     | Noticed a death yak
  7307 | D:10     | Noticed a death yak
  7309 | D:10     | Noticed a death yak
  7317 | D:10     | Killed a death yak
  7318 | D:10     | Reached skill level 13 in Unarmed Combat
  7323 | D:10     | Killed a death yak
  7324 | D:10     | Reached XP level 11. HP: 76/94 MP: 13/13
  7327 | D:10     | Killed a death yak
  7332 | D:10     | Found a staircase to the Lair.
  7415 | D:10     | Found a radiant altar of Vehumet.
  7626 | D:10     | Found a bloodstained altar of Trog.
  7830 | D:10     | Noticed a two-headed ogre
  7835 | D:10     | Noticed an ogre mage
  7836 | D:10     | Reached skill level 14 in Unarmed Combat
  7845 | D:10     | Noticed a centaur warrior
  7847 | D:10     | Killed a two-headed ogre
  7853 | D:10     | Paralysed by something for 3 turns
  7854 | D:10     | Killed an ogre mage
  7861 | D:10     | Killed a centaur warrior
  8325 | D:11     | Noticed a two-headed ogre
  8336 | D:11     | Killed a two-headed ogre
  8337 | D:11     | Reached skill level 15 in Unarmed Combat
  8473 | D:11     | Noticed a skeletal warrior
  8474 | D:11     | Noticed a skeletal warrior
  8477 | D:11     | Noticed a skeletal warrior
  8490 | D:11     | Killed a skeletal warrior
  8491 | D:11     | Reached XP level 12. HP: 17/104 MP: 14/14
  8494 | D:11     | Mangled by a skeletal warrior

Illustrated notes

Levels and vault maps discovered:
D:1:      sevenhm_arrival_forest_fort_small_5, layout_rooms, serial_shops, shop
D:2:      layout_loops_ring, minmay_misc_feat_roman, minmay_tree_intersection,
          minivault_11, minmay_stone_trees_small, minmay_statues_item
D:3:      layout_basic, nicolae_overflow_ecumenical_swirl,
          shapermc_ecumenical_altar_gd, serial_co_window_serial,
          co_window_of_opportunity_a, co_window_corner_a, co_window_paths_a,
          co_window_corner_a, co_window_corner_a, co_window_paths_b,
          co_window_paths_b, co_window_unsneaky_path_a, co_window_cross_2,
          co_window_2corner, co_window_corner_ca, co_window_broadway_c,
          co_window_paths_e, glass_columns_a, glass_columns_c, glass_columns_a,
          glass_columns_a, glass_columns_b, uniq_grinder
D:4:      layout_gridville, nzn_wu_jian_council_hall,
          amcnicky_mini_rare_corridor_liquid, uniq_pikel
D:5:      layout_basic, kennysheep_slug_shrine, minmay_temple_entry_poolview,
          uniq_ijyb, uniq_edmund
D:6:      layout_rooms, riverfiend_overflow_shadow_ancestor, lemuel_tele_altar
D:7:      layout_cave_pools, good_gods_temple_1,
          lemuel_mausoleum_altar_kikubaaqudgha
D:8:      layout_loops_ring
D:9:      layout_roguey, kb_lookout_dungeons_type, nicolae_shop_firing_range
D:10:     layout_basic, vehumet_crystals, trog_three_pillars_becter,
          dpeg_lair_monsters, minmay_misc_feat_secret_circle,
          minmay_pinched_square
D:11:     layout_loops_corners, enter_trove_1, serial_glass, glass_columns_a,
          glass_columns_a
Temple:   nicolae_temple_bog_church

Skill      XL: |  1  2  3  4  5  6  7  8  9 10 11 |
---------------+----------------------------------+-----
Shields        | 3 4 5 6 7 8 9 |  9.1
Unarmed Combat | 3 5 6 8 10 11 13 15 | 15.2
Invocations    | 2 3 5 |  5.0
Dodging        | 3 |  3.4
Armour         | 2 4 |  4.0
Fighting       | |  2.4

Action                     |  1- 3 |  4- 6 |  7- 9 | 10-12 || total
---------------------------+-------+-------+-------+-------++-------
  Melee: Unarmed           |    87 |    92 |   310 |   312 ||   801
  Throw: Large rock        |       |       |       |    10 ||    10
         Dart              |       |       |       |     2 ||     2
 Invoke: Sacrifice Stealth |       |       |     1 |       ||     1
         Draw Out Power    |       |       |       |     1 ||     1
         Sacrifice Artific |       |       |       |     1 ||     1
  Evoke: Wand              |       |       |     3 |       ||     3
    Use: Scroll            |       |     6 |     3 |     6 ||    15
         Potion            |       |       |     1 |     3 ||     4
   Stab: Sleeping          |       |     1 |       |       ||     1
 Armour: Robe              |    20 |    25 |    54 |     1 ||   100
         Troll leather arm |       |       |       |    41 ||    41
  Dodge: Dodged            |    28 |    18 |    83 |    78 ||   207
  Block: Kite shield       |    37 |    35 |   146 |   112 ||   330

Table legend: (Time is in decaauts)
 A = Elapsed time spent in this place.
 B = Non-inter-level travel time spent in this place.
 C = Inter-level travel time spent in this place.
 D = Time resting spent in this place.
 E = Time spent auto-exploring this place.
 F = Levels seen in this place.
 G = Mean time per level.
                   A        B        C        D        E       F      G
               +--------+--------+--------+--------+--------+-----+--------+
         Total |   8445 |   8185 |    260 |    783 |   4993 |  12 |  703.8 |
       Dungeon |   8403 |   8143 |    260 |    783 |   4993 |  11 |  763.9 |
        Temple |     41 |     41 |      0 |      0 |      0 |   1 |   41.0 |
               +--------+--------+--------+--------+--------+-----+--------+

Top non-repeatable levels by time:
     D:4: 1042 daAuts
     D:3: 1007 daAuts
    D:10: 956 daAuts
     D:5: 815 daAuts
     D:9: 802 daAuts
     D:2: 772 daAuts
     D:1: 766 daAuts
     D:8: 750 daAuts
     D:7: 615 daAuts
     D:6: 571 daAuts
    D:11: 303 daAuts
  Temple: 41 daAuts
